Map: Роскаллиан РВ

Players

Nitrate - Winner!

  • Race: Protoss Protoss
  • League: Gold
  • Spawn Location: 12:00

Вагнер - Winner!

  • Race: Terran Terran
  • Spawn Location: 11:00

FunnyBunny

  • Race: Protoss Protoss
  • League: Platinum
  • Spawn Location: 6:00

Loki

  • Race: Terran Terran
  • Spawn Location: 5:00

VOD

Have the link to the VOD?

Description

Time

  • Played on: Feb. 22, 2026, 2:01 p.m.
  • Length: 8:24
Show
View Real Time Build Order
Export as new Build Order

Nitrate Protoss - Winner!

Build Orders: Oracle Opening 

Get SALT Encoding   

  12  0:00  Probe  
  13  0:12  Probe  
  14  0:18  Pylon  
  14  0:24  Probe  
  15  0:36  Probe  
  15  0:41  Gateway  
  16  0:49  Probe  
  16  0:52  Assimilator  
  17  0:58  Probe  
  18  1:06  Probe  
  19  1:12  Pylon  
  19  1:23  Probe  
  20  1:36  Probe, Cybernetics Core  
  21  1:56  Pylon  
  21  1:59  Probe  
  22  2:01  Assimilator  
  22  2:05  Pylon  
  22  2:08  Warp Gate  
  22  2:11  Probe  
  23  2:24  Probe  
  24  2:42  Stargate, Probe  
  25  3:07  Pylon  
  25  3:15  Robotics Facility  
  25  3:16  Oracle  
  25  3:19  Probe  
  28  3:32  Probe  
  29  3:45  Probe  
  30  3:57  Probe  
  35  4:03  Warp Prism  
  35  4:06  Void Ray  
  37  4:27  Nexus  
  37  4:28  Pylon  
  37  4:33  Pylon  
  37  4:48  Immortal  
  37  4:52  Probe  
  42  5:04  Probe  
  43  5:16  Probe  
  43  5:17  Pylon  
  45  5:28  Probe  
  45  5:29  Nexus  
  45  5:32  Pylon  
  45  5:36  Pylon  
  45  5:45  Immortal  
  45  5:49  Void Ray  
  53  5:52  Probe  
  54  5:57  Probe  
  54  5:59  Assimilator  
  54  6:00  Probe, Assimilator  
  56  6:05  Probe  
  56  6:08  Probe  
  57  6:15  Probe  
  59  7:49  Probe  
  59  7:53  Probe  
  59  7:57  Probe  
  61  7:59  Stargate  
  61  8:00  Stargate  
  61  8:01  Stargate  
  61  8:05  Probe  
  63  8:07  Probe  
Show
View Real Time Build Order
Export as new Build Order

Вагнер Terran - Winner!

Build Orders:  

Get SALT Encoding   

  12  0:00  SCV  
  13  0:12  SCV  
  14  0:22  Supply Depot  
  14  0:25  SCV  
  15  0:46  Barracks  
  15  0:48  Refinery  
  15  0:49  SCV  
  16  1:00  Supply Depot  
  16  1:02  SCV  
  17  1:18  SCV  
  18  1:31  Engineering Bay  
  18  1:41  SCV  
  18  1:43  Refinery  
  18  1:46  Marine  
  20  1:53  Orbital Command  
  20  1:58  Factory  
  20  2:15  Barracks Tech Lab  
  20  2:35  Barracks  
  20  2:36  Marauder  
  22  2:42  Factory Tech Lab  
  21  3:01  Siege Tank  
  24  3:08  Command Center  
  24  3:09  Marauder  
  26  3:23  Barracks Reactor  
  26  3:30  Missile Turret  
  26  3:50  Siege Tank  
  26  3:52  SCV  
  30  3:57  Supply Depot  
  30  3:58  Supply Depot  
  30  4:00  Supply Depot  
  30  4:04  SCV  
  31  4:18  Marine x2  
  31  4:22  Marauder  
  31  4:23  Siege Tank  
  38  4:46  Planetary Fortress  
  38  4:47  Missile Turret  
  38  4:51  Marine  
  39  5:04  Siege Tank  
  42  5:10  Missile Turret  
  42  5:11  Marine x2, Marauder  
  46  5:18  SCV  
  47  5:30  SCV  
  47  5:32  SCV  
  49  5:42  SCV  
  50  5:44  SCV  
  51  5:50  Marauder, Marine  
  51  5:51  Marine  
  51  5:56  SCV  
  56  6:08  Marine  
  56  6:09  SCV, Marine  
  59  6:11  Marauder  
  59  6:14  Refinery  
  59  6:15  Refinery  
  59  6:16  Concussive Shells  
  61  6:19  Terran Infantry Weapons Level 1  
  61  6:21  SCV  
  62  6:33  SCV  
  62  6:39  Marine x2, Marauder  
  67  6:45  SCV  
  68  6:50  Siege Tank  
  69  7:05  Marine  
  70  7:11  Supply Depot  
  70  7:14  Supply Depot x2  
  70  7:16  Supply Depot x2  
  70  7:33  Siege Tank, SCV  
  74  7:45  SCV  
  70  7:54  Marauder  
  70  7:57  SCV  
  63  7:59  Marine x2  
  68  8:09  SCV  
Show
View Real Time Build Order
Export as new Build Order

FunnyBunny Protoss 

Build Orders:  

Get SALT Encoding   

  12  0:00  Probe  
  13  0:12  Probe  
  14  0:19  Pylon  
  14  0:27  Probe  
  15  0:41  Probe, Forge  
  16  0:53  Probe  
  16  0:54  Pylon  
  17  1:05  Probe, Assimilator  
  18  1:20  Photon Cannon  
  18  1:26  Photon Cannon  
  18  1:28  Probe  
  19  1:51  Probe  
  20  2:03  Probe  
  21  2:14  Assimilator  
  21  2:15  Probe  
  22  2:36  Nexus  
  22  2:39  Probe  
  23  2:51  Probe  
  24  3:02  Pylon  
  24  3:03  Probe  
  25  3:15  Probe  
  26  3:31  Gateway  
  26  3:32  Probe  
  27  3:44  Probe  
  28  3:55  Pylon, Probe  
  28  3:56  Probe  
  30  4:08  Probe x2  
  32  4:16  Pylon  
  32  4:21  Probe  
  31  4:42  Cybernetics Core  
  26  4:48  Pylon  
  26  4:51  Gateway  
  26  5:03  Photon Cannon  
  26  5:07  Zealot  
  28  5:10  Probe  
  28  5:11  Probe  
  29  5:15  Photon Cannon x2  
  29  5:19  Probe x2  
  29  5:28  Probe x2  
  33  5:59  Stalker x2  
  37  6:10  Twilight Council  
  37  6:14  Pylon  
  37  6:25  Probe x2  
  39  6:35  Stalker  
  39  6:36  Stalker  
  39  6:37  Probe x2  
  45  6:49  Probe  
  45  6:50  Probe  
  47  7:05  Adept  
  47  7:06  Adept  
  51  7:13  Stargate  
  51  7:15  Stargate  
  51  7:29  Probe x2  
  53  7:32  Assimilator  
  53  7:33  Assimilator  
  53  7:41  Probe x2  
  55  7:47  Stalker  
  55  7:48  Stalker  
Show
View Real Time Build Order
Export as new Build Order

Loki Terran 

Build Orders:  

Get SALT Encoding   

  12  0:00  SCV  
  13  0:12  SCV  
  14  0:25  SCV  
  14  0:26  Supply Depot  
  15  0:48  SCV  
  16  0:50  Barracks  
  16  0:57  Refinery  
  16  1:04  Barracks  
  16  1:18  SCV  
  17  1:30  SCV  
  18  1:37  Marine  
  19  1:53  Marine  
  20  1:55  Marine  
  21  2:02  Refinery, SCV  
  22  2:12  Supply Depot  
  22  2:14  SCV  
  23  2:33  Marine x2  
  25  2:40  SCV  
  26  2:52  SCV  
  27  3:03  Factory  
  27  3:04  SCV  
  28  3:16  SCV  
  29  3:24  Marine  
  29  3:25  Marine  
  31  3:47  Factory Tech Lab  
  31  3:51  Barracks Tech Lab  
  31  3:57  Command Center  
  31  4:06  Supply Depot  
  31  4:09  Orbital Command  
  31  4:16  Supply Depot  
  31  4:36  Widow Mine  
  33  5:01  Marine x2, Engineering Bay  
  33  5:03  Siege Tank  
  38  5:12  Supply Depot  
  38  5:18  Marine  
  38  5:19  Marine  
  40  5:35  Cyclone  
  43  5:36  Marine  
  43  5:39  Missile Turret  
  44  5:46  Stimpack  
  44  5:49  Marine  
  45  5:54  Marine  
  46  5:58  Missile Turret  
  46  6:01  SCV  
  47  6:04  SCV  
  47  6:07  Marine  
  49  6:12  Marine  
  49  6:13  SCV  
  49  6:15  Siege Tank  
  49  6:16  SCV  
  55  6:19  Missile Turret  
  55  6:25  Marine, SCV  
  57  6:28  SCV  
  55  6:37  SCV  
  56  6:40  SCV  
  56  6:42  Marine  
  56  6:49  SCV  
  56  7:00  Marine  
  57  7:05  Starport  
  57  7:14  Barracks  
  57  7:28  Cyclone  
  60  7:36  Supply Depot  
  54  8:03  Barracks  
Tags
 
Add a new tag
Caveats
  • Supply blocks, unpowered buildings, or Contaminate may cause inaccurate times.
  • Supply counts are checked every 10 seconds.